ESL (28 & UNDER)
NEWARK BULLDOGS @ READING RAINBOWS
08/31/2027
 
TOP OF THE 1ST
Newark Bulldogs batting - Pitching for Reading Rainbows : LHP Tomás López
Pitching: LHP Tomás López
Batting: LHB Gerardo Guzmán 0-0: Called Strike
0-1: Ball
1-1: Ball
2-1: Called Strike
2-2: Fly out, F8 (Flyball, 89D)
Batting: RHB Peter Sexton 0-0: Ball
1-0: Ball
2-0: Ball
3-0: Base on Balls
Batting: RHB Ken McDonald 0-0: Ball
1-0: Ball
2-0: Ball
3-0: Called Strike
3-1: SINGLE (Groundball, 56D)
Peter Sexton to second
Batting: LHB Frank Jackson 0-0: Ball
Throwing error on steal attempt, E2
Peter Sexton scores
Ken McDonald to third
1-0: Called Strike
1-1: Swinging Strike
1-2: Foul Ball, location: 2F
1-2: Ball
2-2: Ball
3-2: Foul Ball, location: 2F
3-2: Strikes out swinging
Batting: RHB Emílio Salas 0-0: Called Strike
0-1: Ball
1-1: Fly out, F5 (Popup, 5D)
Top of the 1st over - 1 run(s), 1 hit(s), 1 error(s), 1 left on base; Newark 1 - Reading 0
BOTTOM OF THE 1ST
Reading Rainbows batting - Pitching for Newark Bulldogs : RHP Darrell Stanley
Pitching: RHP Darrell Stanley
Batting: RHB Richard Case 0-0: Foul Ball, location: 2F
0-1: Called Strike
0-2: Ball
1-2: Ball
2-2: Strikes out swinging
Batting: LHB Richard Henry 0-0: Ground out 6-3 (Groundball, 6)
Batting: LHB John Hudson 0-0: Ball
1-0: Foul Ball, location: 2F
1-1: Foul Ball, location: 2F
1-2: Foul Ball, location: 2F
1-2: Foul Ball, location: 2F
1-2: Foul Ball, location: 2F
1-2: Fly out, F8 (Flyball, 8RXD)
Bottom of the 1st over - 0 run(s), 0 hit(s), 0 error(s), 0 left on base; Newark 1 - Reading 0
TOP OF THE 2ND
Newark Bulldogs batting - Pitching for Reading Rainbows : LHP Tomás López
Batting: LHB Wes Stone 0-0: Called Strike
0-1: Foul Ball, location: 2F
0-2: Ball
1-2: Foul Ball, location: 2F
1-2: Ball
2-2: Fly out, F9 (Flyball, 89S)
Batting: RHB Pablo Gómez 0-0: SINGLE (Line Drive, 34D)
Batting: LHB Gabriel MacNeill 0-0: Ball
1-0: Ball
2-0: Foul Ball, location: 2F
2-1: Called Strike
2-2: Foul Ball, location: 2F
2-2: Strikes out swinging
Batting: LHB Ángel Tuzzi 0-0: Ball
1-0: Ball
2-0: Swinging Strike
2-1: Ball
3-1: Base on Balls
Pablo Gómez to second
Batting: LHB Gerardo Guzmán 0-0: Foul Ball, location: 2F
0-1: Ball
1-1: Ball
2-1: Swinging Strike
2-2: Foul Ball, location: 2F
2-2: Foul Ball, location: 2F
2-2: Fly out, F7 (Flyball, 7S)
Top of the 2nd over - 0 run(s), 1 hit(s), 0 error(s), 2 left on base; Newark 1 - Reading 0
BOTTOM OF THE 2ND
Reading Rainbows batting - Pitching for Newark Bulldogs : RHP Darrell Stanley
Batting: RHB Ethan Moore 0-0: Foul Ball, location: 2F
0-1: Swinging Strike
0-2: Ground out 6-3 (Groundball, 6)
Batting: LHB Víctor Peña 0-0: Foul Ball, location: 2F
0-1: Fly out, F9 (Flyball, 9D)
Batting: RHB Juan Magdayao 0-0: Called Strike
0-1: Ball
1-1: SOLO HOME RUN (Line Drive, 7LD), Distance : 372 ft
Batting: SHB Dan Chandler 0-0: Foul Ball, location: 2F
0-1: Called Strike
0-2: Strikes out swinging
Bottom of the 2nd over - 1 run(s), 1 hit(s), 0 error(s), 0 left on base; Newark 1 - Reading 1
TOP OF THE 3RD
Newark Bulldogs batting - Pitching for Reading Rainbows : LHP Tomás López
Batting: RHB Peter Sexton 0-0: Ball
1-0: Swinging Strike
1-1: Foul Ball, location: 2F
1-2: Foul Ball, location: 2F
1-2: Ball
2-2: Ball
3-2: Foul Ball, location: 2F
3-2: SINGLE (Line Drive, 3)
Batting: RHB Ken McDonald 0-0: Foul Ball, location: 2F
0-1: Foul Ball, location: 2F
0-2: Foul Ball, location: 2F
0-2: Ball
1-2: Ball
2-2: Ball
3-2: Fly out, F9 (Flyball, 89D)
Batting: LHB Frank Jackson 0-0: Called Strike
Peter Sexton is caught stealing 2nd base
0-1: Ball
1-1: Called Strike
1-2: Strikes out swinging
Top of the 3rd over - 0 run(s), 1 hit(s), 0 error(s), 0 left on base; Newark 1 - Reading 1
BOTTOM OF THE 3RD
Reading Rainbows batting - Pitching for Newark Bulldogs : RHP Darrell Stanley
Batting: RHB Hubert Brown 0-0: Called Strike
0-1: Ball
1-1: Foul Ball, location: 2F
1-2: SINGLE (Line Drive, 6M)
Batting: SHB Johnny Jackson 0-0: Ball
1-0: Called Strike
1-1: SINGLE (Flyball, 7S)
Hubert Brown to second
Batting: RHB Richard Case 0-0: Ball
1-0: Ball
2-0: Fielders Choice at 2nd, 3-6 (Groundball, 34)
Hubert Brown to third
Batting: LHB Richard Henry 0-0: Foul Ball, location: 2F
0-1: Swinging Strike
0-2: Ball
1-2: Ball
2-2: SINGLE (Line Drive, 56)
Hubert Brown scores
Richard Case to second
Batting: LHB John Hudson 0-0: Ball
1-0: Grounds into double play, 6-4-3 (Groundball, 6)
Bottom of the 3rd over - 1 run(s), 3 hit(s), 0 error(s), 1 left on base; Newark 1 - Reading 2
TOP OF THE 4TH
Newark Bulldogs batting - Pitching for Reading Rainbows : LHP Tomás López
Batting: RHB Emílio Salas 0-0: Ball
1-0: Foul Ball, location: 2F
1-1: Swinging Strike
1-2: Ball
2-2: Ball
3-2: Foul Ball, location: 2F
3-2: Foul Ball, location: 2F
3-2: Fly out, F8 (Flyball, 8LM)
Batting: LHB Wes Stone 0-0: Ball
1-0: Foul Ball, location: 2F
1-1: Swinging Strike
1-2: Foul Ball, location: 2F
1-2: Ball
2-2: Strikes out swinging
Batting: RHB Pablo Gómez 0-0: Fly out, F8 (Flyball, 8LD)
Top of the 4th over - 0 run(s), 0 hit(s), 0 error(s), 0 left on base; Newark 1 - Reading 2
BOTTOM OF THE 4TH
Reading Rainbows batting - Pitching for Newark Bulldogs : RHP Darrell Stanley
Batting: RHB Ethan Moore 0-0: Called Strike
0-1: Called Strike
0-2: Strikes out swinging
Batting: LHB Víctor Peña 0-0: Ball
1-0: Fly out, F4 (Line Drive, 4)
Batting: RHB Juan Magdayao 0-0: Ball
1-0: Foul Ball, location: 2F
1-1: Foul Ball, location: 2F
1-2: Strikes out swinging
Bottom of the 4th over - 0 run(s), 0 hit(s), 0 error(s), 0 left on base; Newark 1 - Reading 2
TOP OF THE 5TH
Newark Bulldogs batting - Pitching for Reading Rainbows : LHP Tomás López
Batting: LHB Gabriel MacNeill 0-0: Foul Ball, location: 2F
0-1: Foul Ball, location: 2F
0-2: Ball
1-2: Strikes out swinging
Batting: LHB Ángel Tuzzi 0-0: Ball
1-0: Called Strike
1-1: Swinging Strike
1-2: Strikes out swinging
Batting: LHB Gerardo Guzmán 0-0: Foul Ball, location: 2F
0-1: Ball
1-1: Foul Ball, location: 2F
1-2: Foul Ball, location: 2F
1-2: Strikes out swinging
Top of the 5th over - 0 run(s), 0 hit(s), 0 error(s), 0 left on base; Newark 1 - Reading 2
BOTTOM OF THE 5TH
Reading Rainbows batting - Pitching for Newark Bulldogs : RHP Darrell Stanley
Batting: SHB Dan Chandler 0-0: Ball
1-0: Ball
2-0: Called Strike
2-1: SINGLE (Flyball, 7S)
Batting: RHB Hubert Brown 0-0: Ball
1-0: Ball
2-0: Ball
3-0: Called Strike
3-1: Base on Balls
Dan Chandler to second
Batting: SHB Johnny Jackson 0-0: Swinging Strike
0-1: Fielders Choice at 2nd, 3-6 (Groundball, 34)
Dan Chandler to third
Batting: RHB Richard Case 0-0: Swinging Strike
0-1: Ball
1-1: Called Strike
1-2: Strikes out swinging
Batting: LHB Richard Henry 0-0: Called Strike
0-1: Ball
1-1: Ball
2-1: Fly out, F9 (Flyball, 9S)
Bottom of the 5th over - 0 run(s), 1 hit(s), 0 error(s), 2 left on base; Newark 1 - Reading 2
TOP OF THE 6TH
Newark Bulldogs batting - Pitching for Reading Rainbows : LHP Tomás López
Pitching: RHP Chris Lee
Batting: RHB Peter Sexton 0-0: Ball
1-0: Ball
2-0: Ball
3-0: Called Strike
3-1: Called Strike
3-2: SINGLE (Flyball, 89S)
Batting: RHB Ken McDonald 0-0: Foul Ball, location: 2F
0-1: Ball
1-1: Foul Ball, location: 2F
1-2: Ball
Peter Sexton steals 2nd base
2-2: Ball
3-2: Foul Ball, location: 2F
3-2: Ground out 1-3 (Groundball, P)
Peter Sexton to third
Batting: LHB Frank Jackson 0-0: Called Strike
0-1: Ball
1-1: Fly out, F7 (Flyball, 78S)
Batting: RHB Emílio Salas 0-0: Ball
1-0: Ground out 5-3 (Groundball, 56S)
Top of the 6th over - 0 run(s), 1 hit(s), 0 error(s), 1 left on base; Newark 1 - Reading 2
BOTTOM OF THE 6TH
Reading Rainbows batting - Pitching for Newark Bulldogs : RHP Darrell Stanley
Batting: LHB John Hudson 0-0: Foul Ball, location: 2F
0-1: Ball
1-1: Swinging Strike
1-2: Ball
2-2: Ball
3-2: SOLO HOME RUN (Flyball, 8LXD), Distance : 435 ft
Batting: RHB Ethan Moore 0-0: Foul Ball, location: 2F
0-1: Fly out, F9 (Flyball, 89M)
Batting: LHB Víctor Peña 0-0: Called Strike
0-1: Fly out, F7 (Flyball, 7D)
Batting: RHB Juan Magdayao 0-0: Ball
1-0: Ball
2-0: Ball
3-0: Base on Balls
Pitching: LHP José Alaniz
Batting: SHB Dan Chandler 0-0: Called Strike
0-1: Called Strike
0-2: Ball
1-2: Ball
2-2: Strikes out swinging
Bottom of the 6th over - 1 run(s), 1 hit(s), 0 error(s), 1 left on base; Newark 1 - Reading 3
TOP OF THE 7TH
Newark Bulldogs batting - Pitching for Reading Rainbows : RHP Chris Lee
Batting: LHB Wes Stone 0-0: Called Strike
0-1: SINGLE (Groundball, 34D)
Batting: RHB Pablo Gómez 0-0: Ball
1-0: Ball
2-0: Called Strike
2-1: Ball
3-1: Called Strike
3-2: SINGLE (Line Drive, 9S)
Wes Stone to second
Wes Stone to third
Pinch Hitting: SHB Rafael Villa 0-0: Called Strike
0-1: Called Strike
0-2: Fly out, F6 (Line Drive, 6)
Batting: LHB Ángel Tuzzi 0-0: Ball
1-0: Ball
2-0: Called Strike
2-1: SINGLE (Groundball, 3D)
Wes Stone scores
Pablo Gómez to second
Batting: LHB Gerardo Guzmán 0-0: Foul Ball, location: 2F
0-1: Called Strike
0-2: Fly out, F8 (Flyball, 89M)
Batting: RHB Peter Sexton 0-0: Called Strike
0-1: Fly out, F7 (Flyball, 78M)
Top of the 7th over - 1 run(s), 3 hit(s), 0 error(s), 2 left on base; Newark 2 - Reading 3
BOTTOM OF THE 7TH
Reading Rainbows batting - Pitching for Newark Bulldogs : LHP José Alaniz
Now at 3B: Juan Martínez
Batting: RHB Hubert Brown 0-0: Swinging Strike
0-1: Ball
1-1: Ball
2-1: Ball
3-1: Base on Balls
Batting: SHB Johnny Jackson 0-0: Called Strike
0-1: Swinging Strike
0-2: Ball
Wild Pitch!
Hubert Brown to second
1-2: Ball
2-2: Ball
3-2: Ground out 5-3 (Groundball, 56S)
Hubert Brown to third
Pinch Hitting: RHB Ron King 0-0: Intentional Walk
Batting: LHB Richard Henry 0-0: Called Strike
0-1: Fly out, F7 (Flyball, 78D)
Runner from 3rd tags up, SCORES, no throw
Batting: LHB John Hudson 0-0: Ball
1-0: Swinging Strike
1-1: Called Strike
1-2: Strikes out swinging
Bottom of the 7th over - 1 run(s), 0 hit(s), 0 error(s), 1 left on base; Newark 2 - Reading 4
TOP OF THE 8TH
Newark Bulldogs batting - Pitching for Reading Rainbows : RHP Chris Lee
Now in CF: Joe Land
Batting: RHB Ken McDonald 0-0: Called Strike
0-1: Foul Ball, location: 2F
0-2: Foul Ball, location: 2F
0-2: Strikes out swinging
Batting: LHB Frank Jackson 0-0: Swinging Strike
0-1: Ball
1-1: Ball
2-1: Ball
3-1: Swinging Strike
3-2: TRIPLE (Groundball, 3L)
Pitching: RHP Coy Torres
Batting: RHB Emílio Salas 0-0: Swinging Strike
0-1: Ball
1-1: Ground out 1-3 (Groundball, 13S)
Pitching: RHP Luis Silva
Batting: LHB Wes Stone 0-0: Ball
1-0: Ball
2-0: Ball
3-0: Base on Balls
Batting: RHB Pablo Gómez 0-0: Swinging Strike
0-1: Ball
1-1: Fly out, F8 (Flyball, 8LM)
Top of the 8th over - 0 run(s), 1 hit(s), 0 error(s), 2 left on base; Newark 2 - Reading 4
BOTTOM OF THE 8TH
Reading Rainbows batting - Pitching for Newark Bulldogs : LHP José Alaniz
Batting: RHB Ethan Moore 0-0: Called Strike
0-1: Ball
1-1: Foul Ball, location: 2F
1-2: Strikes out swinging
Pitching: RHP Chris Johns
Batting: LHB Víctor Peña 0-0: Called Strike
0-1: Swinging Strike
0-2: Strikes out swinging
Batting: RHB Juan Magdayao 0-0: Called Strike
0-1: Ball
1-1: Foul Ball, location: 2F
1-2: SOLO HOME RUN (Flyball, 7D), Distance : 377 ft
Batting: SHB Dan Chandler 0-0: Ball
1-0: Foul Ball, location: 2F
1-1: Ball
2-1: Foul Ball, location: 2F
2-2: Ball
3-2: Foul Ball, location: 2F
3-2: Foul Ball, location: 2F
3-2: Strikes out swinging
Bottom of the 8th over - 1 run(s), 1 hit(s), 0 error(s), 0 left on base; Newark 2 - Reading 5
TOP OF THE 9TH
Newark Bulldogs batting - Pitching for Reading Rainbows : RHP Luis Silva
Pitching: LHP Holden Clark
Batting: RHB Juan Martínez 0-0: Ball
1-0: Ball
2-0: Called Strike
2-1: Called Strike
2-2: Strikes out swinging
Batting: LHB Ángel Tuzzi 0-0: Ball
1-0: Foul Ball, location: 2F
1-1: Ball
2-1: Ball
3-1: Foul Ball, location: 2F
3-2: Ground out 1-3 (Groundball, 15S)
Batting: LHB Gerardo Guzmán 0-0: Called Strike
0-1: Ball
1-1: Ball
2-1: SINGLE (Groundball, 4MD)
Batting: RHB Peter Sexton Pickoff Throw to First - Out!
Top of the 9th over - 0 run(s), 1 hit(s), 0 error(s), 0 left on base; Newark 2 - Reading 5
Thursday, March 30th, 2017 - OOTP Baseball 17.12 Build 75